 Dungeon Crawl Stone Soup version 0.21.1-1-g345015f (webtiles) character file.

875 Fang the Chopper (level 8, 0/49 HPs)
             Began as a Gargoyle Berserker on May 11, 2018.
             Was an Elder of Trog.
             Slain by wevryn's ghost (1 damage)
             ... on level 5 of the Dungeon.
             The game lasted 00:05:43 (4107 turns).

Fang the Chopper (Gargoyle Berserker)               Turns: 4107, Time: 00:05:44

Health: 0/49       AC:  7    Str: 27    XL:     8   Next: 4%
Magic:  0/8        EV: 13    Int:  8    God:    Trog [****..]
Gold:   305        SH:  0    Dex:  9    Spells: 7/7 levels left

rFire    . . .     SeeInvis .   a - +1 hand axe
rCold    . . .     Gourm    .   (no shield)
rNeg     + . .     Faith    .   b - +0 animal skin
rPois    ∞         Spirit   +   (no helmet)
rElec    +         Reflect  .   (no cloak)
rCorr    .         Harm     .   (no gloves)
MR       .....                  (no boots)
Stlth    ++........             g - amulet of guardian spirit
HPRegen  0.16/turn              j - +4 ring of strength
MPRegen  0.11/turn              (no ring)

@: berserk cooldown, slowed, very slow
A: negative energy resistance 1, electricity resistance, unbreathing,
petrification resistance, rot immunity, AC +5
a: Berserk, Trog's Hand, Brothers in Arms, Burn Spellbooks, Renounce Religion


You were on level 5 of the Dungeon.
You worshipped Trog.
Trog was greatly pleased with you.
You were very hungry.

You visited 1 branch of the dungeon, and saw 5 of its levels.

You collected 305 gold pieces.

Inventory:

Hand Weapons
 a - a +1 hand axe (weapon)
Armour
 b - a +0 animal skin (worn)
Jewellery
 g - an amulet of guardian spirit (around neck)
 i - an uncursed ring of protection from magic {unknown}
 j - a +4 ring of strength (left hand)
Wands
 d - a wand of digging (9)
 o - a wand of polymorph (13)
Scrolls
 e - a scroll of teleportation
Potions
 f - 3 potions of heal wounds
 h - a potion of resistance
 l - 3 potions of magic {unknown}
 m - a potion of curing
 n - 2 potions of haste
 p - a potion of lignification
Comestibles
 c - 4 rations


   Skills:
 + Level 5.1 Fighting
 + Level 6.3 Axes
 + Level 2.5 Armour
 + Level 4.0 Dodging
 + Level 1.5 Stealth


You had 7 spell levels left.
You didn't know any spells.

Dungeon Overview and Level Annotations

Branches:
Dungeon (5/15)
 Temple: D:4-7

Altars:

Annotations:
D:5 wevryn's ghost, novice GnFi


Innate Abilities, Weirdness & Mutations

You are resistant to torment.
Your stone body is resilient. (AC +5)
You are immune to poison.
You resist negative energy. (rN+)
You are resistant to electric shocks. (rElec)
You can survive without breathing.
You are immune to petrification.
You are immune to rotting.


Message History

Wevryn's ghost hits you!
* * * LOW HITPOINT WARNING * * *
You hit wevryn's ghost.
Wevryn's ghost is severely damaged.
Wevryn's ghost hits you but does no damage.
You slash wevryn's ghost!
Wevryn's ghost is almost destroyed.
You hit wevryn's ghost.
Wevryn's ghost is almost destroyed.
You are no longer berserk.
You are exhausted.
You feel yourself slow down. Wevryn's ghost misses you.
You hit wevryn's ghost but do no damage.
Wevryn's ghost is almost destroyed.
Wevryn's ghost hits you!
* * * LOW HITPOINT WARNING * * *
You hit wevryn's ghost.
Wevryn's ghost is almost destroyed.
Wevryn's ghost hits you.
You die...

....... ................
.......
..$.....................
........................
................ ....##.
..............###.... #.
..................## #.
....(..W.......##...# ##
.......@...#......#.. .#
.....###...........###..
#.#.#####...............
#......##............##.
#.##.......†..........
....................# #.
.........#..........# #.
...................## #.
.........>.........####.


You could see wevryn's ghost.

Vanquished Creatures
  Sigmund (D:3)
  A scorpion (D:4)
  A howler monkey (D:3)
  An orc priest (D:5)
  A hound (D:4)
  3 bullfrog skeletons
  2 orc wizards
  A gnoll shaman (D:4)
  Jessica (D:3)
  Natasha (thrice) (D:3)
  An iguana (D:4)
  2 worker ants
  3 gnolls (D:4)
  7 adders
  A shadow imp (D:5)
  A worm (D:2)
  4 leopard geckos
  18 orcs
  A ball python (D:3)
  6 giant cockroaches
  9 goblins
  13 hobgoblins
  3 jackals (D:5)
  11 kobolds
  4 quokkas
  8 bats
  3 frilled lizards (D:2)
  9 rats
119 creatures vanquished.

Vanquished Creatures (others)
  A plant (D:1)
1 creature vanquished.

Grand Total: 120 creatures vanquished

Notes
Turn   | Place    | Note
-------+----------+-------------------------------------------
     0 | D:1      | Fang the Gargoyle Berserker began the quest for the Orb.
     0 | D:1      | Reached XP level 1. HP: 14/14 MP: 1/1
   479 | D:1      | Reached XP level 2. HP: 19/19 MP: 2/2
   507 | D:1      | Reached skill level 3 in Axes
  1078 | D:2      | Reached XP level 3. HP: 23/24 MP: 3/3
  1174 | D:2      | Reached ** piety under Trog
  1547 | D:2      | Reached XP level 4. HP: 28/29 MP: 4/4
  1704 | D:3      | Reached skill level 4 in Axes
  1958 | D:3      | Reached XP level 5. HP: 30/33 MP: 5/5
  1959 | D:3      | Noticed Natasha
  1972 | D:3      | Killed Natasha
  2295 | D:3      | Noticed Sigmund
  2298 | D:3      | Noticed Jessica
  2301 | D:3      | Killed Sigmund
  2301 | D:3      | Reached *** piety under Trog
  2301 | D:3      | Reached XP level 6. HP: 39/39 MP: 6/6
  2305 | D:3      | Killed Jessica
  2515 | D:3      | Noticed Natasha
  2535 | D:3      | Killed Natasha
  2535 | D:3      | Reached skill level 5 in Axes
  2574 | D:3      | Noticed Natasha
  2903 | D:3      | Killed Natasha
  3027 | D:4      | Reached XP level 7. HP: 38/44 MP: 7/7
  3264 | D:4      | Reached skill level 1 in Stealth
  3295 | D:4      | Reached skill level 5 in Fighting
  3299 | D:4      | Reached **** piety under Trog
  3475 | D:4      | Reached skill level 6 in Axes
  3880 | D:5      | Entered Level 5 of the Dungeon
  4055 | D:5      | Reached XP level 8. HP: 49/49 MP: 8/8
  4079 | D:5      | Noticed wevryn's ghost (novice GnFi)
  4106 | D:5      | HP: 1/49 [wevryn's ghost (9)]
  4107 | D:5      | Slain by wevryn's ghost

Skill      XL: |  1  2  3  4  5  6  7  8 |
---------------+-------------------------+-----
Axes           | 3 4 5 6 |  6.3
Dodging        | 2 3 4 |  4.0
Fighting       | 4 5 |  5.1
Stealth        | 1 |  1.5
Armour         | |  2.5

Action                   |  1- 3 |  4- 6 |  7- 9 || total
-------------------------+-------+-------+-------++-------
Melee: Hand axe          |   131 |   140 |   138 ||   409
Invok: Berserk           |       |     4 |     4 ||     8
       Burn Spellbooks   |       |       |     2 ||     2
  Use: Scroll            |       |     6 |     7 ||    13
       Potion            |       |       |     1 ||     1
  Eat: Chunk             |     2 |     5 |     3 ||    10
       Ration            |       |     1 |     1 ||     2
Armor: Animal skin       |    35 |    39 |    66 ||   140
Dodge: Dodged            |    91 |   101 |   135 ||   327
